 Dungeon Crawl Stone Soup version 0.28.0 (webtiles) character file.

Game seed: 4826246730212955130

73 tizbic2 the Ruffian (level 4, -3/35 HPs)
             Began as a Hill Orc Wanderer on Feb 6, 2022.
             Slain by an iguana (11 damage)
             ... on level 3 of the Dungeon.
             The game lasted 00:10:35 (2879 turns).

tizbic2 the Ruffian (Hill Orc Wanderer)             Turns: 2879, Time: 00:10:36

Health: -3/35      AC: 10    Str: 17    XL:     4   Next: 27%
Magic:  5/5        EV: 10    Int: 12    God:
Gold:   147        SH:  0    Dex:  9    Spells: 5/5 levels left

rFire   . . .      SeeInvis .   a - +0 spear
rCold   . . .      Faith    .   (no shield)
rNeg    . . .      Spirit   .   p - +0 ring mail
rPois   .          Reflect  .   k - +2 hat
rElec   .          Harm     .   (no cloak)
rCorr   .          Rampage  .   o - +2 pair of gloves
Will    .....                   (no boots)
Stlth   ..........              (no amulet)
HPRegen 0.11/turn               (no ring)
MPRegen 0.09/turn               (no ring)

@: no status effects
A: no striking features
a: no special abilities


You were on level 3 of the Dungeon.
You visited 1 branch of the dungeon, and saw 3 of its levels.

You collected 147 gold pieces.

Inventory:

Hand Weapons
 a - a +0 spear (weapon)
 e - a +0 dagger
Missiles
 d - 5 poisoned darts
 g - 92 stones (quivered)
 h - 6 boomerangs
Armour
 k - a +2 hat (worn)
 o - a +2 pair of gloves (worn)
 p - a +0 ring mail (worn)
Wands
 n - a wand of polymorph (10)
Scrolls
 c - a scroll of fear
 l - 2 scrolls of identify
 m - a scroll of magic mapping
Potions
 b - 2 potions of berserk rage
 i - a potion of might {unknown}


   Skills:
 + Level 1.3 Fighting
 * Level 3.6 Polearms
 - Level 1.0 Throwing
 - Level 1.1 Armour
 - Level 1.0 Dodging
 - Level 4.3 Unarmed Combat
 - Level 1.0 Spellcasting
 - Level 2.5 Invocations


You had 5 spell levels left.
You didn't know any spells.
Your spell library contained the following spells:

 Spells                   Type           Power      Damage    Failure   Level
 Freezing Cloud           Conj/Ice/Air   0%         6-21      100%        5
 Simulacrum               Ice/Necr       0%         N/A       100%        6
 Polar Vortex             Ice            0%         N/A       100%        9


Dungeon Overview and Level Annotations

Branches:
Dungeon (3/15)

Altars:

Annotations:
D:3 1 runed translucent door, Exaltedone87's ghost, amateur DsGl


Message History

You hit the iguana.
The iguana is severely wounded.
The iguana bites you but does no damage.
You barely miss the iguana.
The iguana is severely wounded.
The iguana bites you.
You hit the iguana but do no damage.
The iguana is severely wounded.
You closely miss the iguana.
The iguana is severely wounded.
The iguana bites you!
You hit the iguana.
The iguana is almost dead.
The iguana bites you!
* * * LOW HITPOINT WARNING * * *
Sorry, you're not good enough to have a special ability.
You feel better. The iguana barely misses you.
You barely miss the iguana.
The iguana is almost dead.
The iguana bites you.
* * * LOW HITPOINT WARNING * * *
You barely miss the iguana.
The iguana is almost dead.
The iguana misses you.
You hit the iguana but do no damage.
The iguana is almost dead.
The iguana barely misses you.
You completely miss the iguana.
The iguana is almost dead.
The iguana bites you.
* * * LOW HITPOINT WARNING * * *
You hit the iguana but do no damage.
The iguana is almost dead.
The iguana bites you.
* * * LOW HITPOINT WARNING * * *
You feel better. The iguana closely misses you.
You barely miss the iguana.
The iguana is almost dead.
The iguana bites you!
You die...

##..........####.#
##..........# #.#
##.########## #.# ##.#
#.# .#.# #.# .#.# #.#
.#.######### #.#
.#.#.......# #.########
.#.#.......#####@l.......
...#.......##.###########
..............#
#..#.......##.#
#..#.......##.#
##.#.......##.#
..>#.......##.#
####.......##.#
......#######.####


You could see an iguana.

Vanquished Creatures
  An adder (D:2)
  2 worms (D:2)
  A dart slug (D:1)
  9 bats
  3 endoplasms
  3 giant cockroaches
  4 goblins
  5 hobgoblins
  4 jackals (D:2)
  4 quokkas
  4 ball pythons
  A frilled lizard (D:2)
  5 kobolds
  6 rats
52 creatures vanquished.

Notes
Turn   | Place    | Note
-------+----------+-------------------------------------------
     0 | D:1      | tizbic2 the Hill Orc Wanderer began the quest for the Orb.
     0 | D:1      | tizbic2 set off with the following items: a +0 spear, a
                  | potion of berserk rage, a scroll of fear, 7 poisoned darts,
                  | a +0 dagger, a +0 leather armour
     0 | D:1      | Reached XP level 1. HP: 16/16 MP: 2/2
   298 | D:1      | Reached skill level 1 in Invocations
   298 | D:1      | Reached XP level 2. HP: 23/23 MP: 3/3
   641 | D:1      | Found a faded altar of an unknown god.
   904 | D:1      | Reached XP level 3. HP: 20/28 MP: 4/4
  1812 | D:2      | Reached XP level 4. HP: 32/35 MP: 5/5
  2654 | D:3      | Found a runed translucent door.
  2655 | D:3      | Noticed Exaltedone87's ghost (amateur DsGl)
  2879 | D:3      | Slain by an iguana

Illustrated notes

Levels and vault maps discovered:
D:1:      dpeg_arrival_leaves_temple_mockup, layout_rooms,
          hellmonk_ecumenical_altar_leap_of_faith, bh_walls_and_bars
D:2:      layout_loops_ring, minmay_hexomino_u4
D:3:      layout_basic, ebering_ghost_reflecting_pool, minivault_19,
          minmay_misc_feat_secret_circle, serial_park_tiny_1

Skill      XL: |  1  2  3 |
---------------+----------+-----
Invocations    | 1 2 |  2.5
Polearms       | 2 3 |  3.6
Fighting       | |  1.3
Throwing       | |  1.0
Armour         | |  1.1
Dodging        | |  1.0
Unarmed Combat | |  4.3
Spellcasting   | |  1.0

Action                   |  1- 3 |  4- 6 || total
-------------------------+-------+-------++-------
Melee: Spear             |   163 |    69 ||   232
       Punch             |     6 |       ||     6
Throw: Dart              |    14 |       ||    14
       Stone             |    22 |     3 ||    25
       Boomerang         |     4 |       ||     4
  Use: Scroll            |     3 |       ||     3
       Potion            |       |     2 ||     2
Armor: Leather armour    |    35 |    20 ||    55
       Ring mail         |       |    13 ||    13
Dodge: Dodged            |    82 |    35 ||   117
